Map: Dusk Towers

Players

ILLBdA - Winner!

  • Race: Protoss Protoss
  • League: Diamond

잘나갔었다

  • Race: Zerg Zerg
  • League: Diamond

VOD

Have the link to the VOD?

Description

Time

  • Played on: Dec. 17, 2015, 7:05 a.m.
  • Length: 12:49
Show
View Real Time Build Order
Export as new Build Order

ILLBdA Protoss - Winner!

Build Orders: Double Forge, Nexus First 

Get SALT Encoding   

  12  0:01  Probe (Chrono Boost)  
  13  0:11  Probe (Chrono Boost)  
  14  0:18  Pylon  
  14  0:22  Probe (Chrono Boost)  
  15  0:37  Probe (Chrono Boost)  
  16  0:47  Probe (Chrono Boost)  
  17  0:57  Nexus  
  17  1:07  Gateway  
  17  1:10  Probe (Chrono Boost)  
  18  1:17  Assimilator  
  18  1:22  Assimilator  
  18  1:24  Probe (Chrono Boost)  
  19  1:34  Probe (Chrono Boost)  
  20  1:40  Gateway  
  20  1:45  Probe (Chrono Boost)  
  21  1:54  Cybernetics Core  
  21  1:55  Probe (Chrono Boost)  
  22  2:05  Pylon  
  22  2:09  Probe (Chrono Boost)  
  22  2:11  Probe (Chrono Boost)  
  24  2:20  Probe (Chrono Boost)  
  24  2:21  Probe (Chrono Boost)  
  26  2:30  Probe (Chrono Boost), Adept (Chrono Boost)  
  26  2:34  Adept (Chrono Boost)  
  31  2:37  Warp Gate  
  31  2:46  Gateway  
  31  2:55  Sentry (Chrono Boost)  
  31  2:56  Probe  
  36  2:59  Sentry (Chrono Boost)  
  36  3:03  Probe (Chrono Boost)  
  37  3:07  Gateway  
  37  3:12  Probe (Chrono Boost)  
  38  3:15  Probe (Chrono Boost)  
  39  3:23  Probe (Chrono Boost), Pylon  
  40  3:33  Mothership Core (Chrono Boost)  
  40  3:34  Stargate  
  42  3:36  Probe (Chrono Boost)  
  43  3:43  Assimilator  
  43  3:47  Probe (Chrono Boost)  
  44  3:52  Probe (Chrono Boost)  
  45  3:57  Probe (Chrono Boost)  
  45  4:01  Sentry  
  45  4:02  Probe (Chrono Boost)  
  49  4:08  Probe (Chrono Boost)  
  50  4:10  Nexus  
  50  4:11  Pylon  
  50  4:13  Probe (Chrono Boost)  
  49  4:18  Oracle (Chrono Boost)  
  49  4:20  Probe  
  51  4:36  Pylon  
  51  4:39  Forge x2  
  51  4:42  Sentry, Zealot  
  55  4:46  Zealot  
  55  4:47  Pylon  
  57  5:05  Probe  
  57  5:06  Probe  
  55  5:08  Sentry x3  
  61  5:16  Probe, Photon Cannon  
  61  5:18  Probe  
  61  5:19  Gateway  
  63  5:21  Probe  
  63  5:22  Gateway  
  63  5:27  Probe  
  65  5:30  Probe, Protoss Ground Weapons Level 1 (Chrono Boost), Protoss Ground Armor Level 1 (Chrono Boost)  
  65  5:34  Probe  
  67  5:39  Probe  
  68  5:43  Probe  
  68  5:44  Pylon  
  68  5:46  Probe, Pylon  
  68  5:47  Photon Cannon  
  70  5:50  Sentry  
  70  5:51  Probe  
  70  5:55  Probe  
  72  5:58  Probe  
  72  6:03  Probe  
  72  6:04  Phoenix  
  71  6:07  Probe  
  71  6:09  Twilight Council  
  71  6:10  Probe  
  75  6:13  Zealot x2  
  75  6:15  Probe  
  80  6:19  Probe  
  81  6:27  Sentry, Zealot x2  
  81  6:30  Pylon  
  87  6:34  Phoenix  
  87  6:35  Pylon  
  87  6:37  Probe  
  90  6:44  Probe  
  90  6:46  Assimilator  
  91  6:47  Zealot  
  91  6:50  Pylon  
  91  6:51  Probe, Pylon  
  91  6:52  Assimilator  
  94  6:58  Charge (Chrono Boost)  
  94  6:59  Probe  
  95  7:03  Probe, Pylon  
  96  7:09  Zealot  
  96  7:10  Zealot  
  96  7:11  Zealot  
  102  7:27  Zealot x3  
  108  7:32  Probe  
  108  7:36  Robotics Facility  
  109  7:39  Robotics Facility  
  109  7:40  Probe  
  109  7:43  Pylon  
  110  7:45  Photon Cannon  
  110  7:46  Phoenix (Chrono Boost)  
  110  7:47  Pylon  
  110  7:50  Zealot  
  114  7:51  Zealot  
  114  7:55  Probe x2  
  114  7:57  Protoss Ground Weapons Level 2  
  118  8:00  Protoss Ground Armor Level 2  
  118  8:08  Nexus  
  118  8:09  Pylon  
  118  8:10  Phoenix (Chrono Boost)  
  119  8:24  Zealot x3  
  125  8:29  Immortal (Chrono Boost), Phoenix (Chrono Boost)  
  125  8:31  Immortal (Chrono Boost)  
  135  8:39  Zealot  
  135  8:40  Zealot x2  
  141  8:53  Phoenix  
  143  8:57  Zealot x3  
  149  9:04  Observer (Chrono Boost)  
  149  9:09  Observer (Chrono Boost)  
  151  9:18  Phoenix  
  146  9:29  Zealot x2  
  146  9:30  Zealot x4  
  136  9:43  Void Ray  
  126  9:52  Zealot x2  
  126  9:53  Zealot x4  
  134  10:06  Immortal (Chrono Boost)  
  136  10:09  Immortal (Chrono Boost)  
  130  10:26  Void Ray  
  134  10:40  Zealot x4  
  134  10:41  Zealot x2  
  146  10:47  Immortal (Chrono Boost)  
  150  11:00  Zealot  
  151  11:05  Immortal (Chrono Boost)  
  151  11:06  Probe  
  151  11:09  Void Ray  
  151  11:10  Probe  
  161  11:13  Probe  
  160  11:20  Immortal  
  160  11:22  Zealot x3  
  160  11:34  Probe x2  
  160  11:44  Pylon  
  160  11:46  Pylon  
  160  11:47  Pylon  
  160  11:49  Assimilator  
  160  11:50  Assimilator  
  160  11:57  Immortal  
  160  12:02  Probe x3  
  160  12:04  Void Ray  
  160  12:05  Immortal  
  160  12:27  Zealot x2  
  160  12:28  Zealot x2  
Show
View Real Time Build Order
Export as new Build Order

잘나갔었다 Zerg 

Build Orders: Hatch First 

Get SALT Encoding   

  12  0:01  Drone  
  13  0:08  Drone  
  14  0:20  Extractor x2  
  12  0:21  Drone x2  
  16  0:42  Hatchery  
  16  0:49  Overlord  
  15  1:07  Drone x3  
  18  1:18  Drone  
  19  1:20  Spawning Pool  
  19  1:22  Extractor  
  17  1:33  Drone  
  18  1:45  Drone  
  19  1:51  Drone  
  20  2:04  Drone  
  20  2:05  Drone x2  
  20  2:06  Extractor  
  22  2:17  Hatchery  
  22  2:20  Drone x2  
  23  2:25  Drone  
  23  2:28  Drone  
  25  2:41  Drone  
  25  2:43  Metabolic Boost  
  26  2:47  Overlord  
  26  2:48  Drone  
  26  2:49  Zergling x2  
  28  2:54  Overlord  
  28  3:09  Spine Crawler  
  28  3:11  Drone x2  
  29  3:13  Drone, Queen  
  29  3:14  Queen  
  34  3:25  Zergling x2  
  34  3:26  Zergling x2  
  36  3:31  Zergling x2, Queen  
  36  3:32  Overlord  
  39  3:35  Zergling x2  
  39  3:53  Zergling x8  
  39  3:54  Zergling x4  
  45  4:00  Queen  
  44  4:19  Drone x2  
  46  4:29  Overlord x2  
  46  4:30  Drone x9  
  55  4:35  Drone x2  
  55  5:02  Zergling x4  
  55  5:03  Zergling x14  
  59  5:09  Zergling x2  
  59  5:10  Zergling x10  
  64  5:16  Spore Crawler  
  64  5:18  Spore Crawler  
  62  5:23  Spore Crawler  
  61  5:31  Overlord x2  
  61  5:32  Overlord  
  61  5:33  Lair  
  61  5:39  Hatchery  
  60  5:47  Overlord  
  60  5:48  Overlord x2  
  54  6:24  Drone  
  54  6:25  Drone x12  
  62  6:32  Extractor  
  61  6:33  Extractor  
  60  6:47  Hatchery  
  60  6:53  Queen  
  61  6:54  Pneumatized Carapace  
  61  7:02  Drone x10  
  61  7:03  Drone x2  
  61  7:05  Zergling x14  
  80  7:10  Extractor  
  80  7:11  Extractor  
  74  7:36  Queen  
  76  7:37  Queen  
  78  7:46  Drone x5  
  78  7:49  Drone x6  
  78  7:50  Drone x3  
  92  7:55  Extractor  
  90  8:13  Spire  
  87  8:20  Hydralisk Den  
  87  8:23  Roach Warren  
  87  8:25  Evolution Chamber  
  84  8:27  Evolution Chamber  
  84  8:32  Overlord x5  
  79  8:49  Hydralisk  
  79  8:50  Hydralisk x18  
  79  8:54  Zergling x28  
  131  9:19  Roach  
  131  9:20  Roach x13  
  82  9:45  Roach  
  82  9:46  Roach x13  
  85  10:05  Zergling x8  
  74  10:11  Zergling x8  
  74  10:12  Zergling x14  
  52  10:38  Roach x5  
  62  10:45  Hatchery  
  56  11:01  Roach x2  
  56  11:02  Roach x6  
Tags
 
Add a new tag
Caveats
  • Supply blocks, unpowered buildings, or Contaminate may cause inaccurate times.
  • Supply counts are checked every 10 seconds.